 Dungeon Crawl Stone Soup version 0.31-a0-818-ge7c7cf74f0 (webtiles) character file.

Game seed: 13563191769058062071

562 Kurtz the Chopper (level 7, -3/46 HPs)
             Began as an Octopode Fighter on Sept 22, 2023.
             Slain by an ice beast (14 damage)
             ... on level 7 of the Dungeon.
             The game lasted 00:05:58 (3663 turns).

Kurtz the Chopper (Octopode Fighter)                Turns: 3663, Time: 00:05:59

Health: -3/46      AC:  1    Str: 16    XL:     7   Next: 31%
Magic:  18/18      EV: 13    Int: 16    God:
Gold:   201        SH:  4    Dex: 13    Spells: 5/8 levels left

rFire   . . .        a - +0 war axe
rCold   . . .        b - +0 buckler
rNeg    . . .        j - +0 hat
rPois   .            (no amulet)
rElec   .            i - +6 ring of intelligence
rCorr   .            m - ring of magical power
SInv    .            (no ring)
Will    .....        (no ring)
Stlth   ++           (no ring)
HPRegen 0.27/turn    (no ring)
MPRegen 0.16/turn    (no ring)
                     (no ring)

%: no passive effects
@: no status effects
A: almost no armour, amphibious, 8 rings, camouflage 1, gelatinous body 1,
(nimble swimmer 1), tentacles
a: no special abilities


You were on level 7 of the Dungeon.
You visited 1 branch of the dungeon, and saw 7 of its levels.

You collected 201 gold pieces.

Inventory:

Hand Weapons
 a - a +0 war axe (weapon)
Missiles
 c - 9 poisoned darts
Armour
 b - a +0 buckler (worn)
 j - a +0 hat (worn)
Jewellery
 i - a +6 ring of intelligence (left tentacle)
 m - a ring of magical power (right tentacle)
Scrolls
 e - a scroll of fear
 g - 3 scrolls of identify
 k - a scroll of blinking {unknown}
 o - 2 scrolls of vulnerability {unknown}
 p - 2 scrolls of revelation {unknown}
 q - a scroll of silence {unknown}
 s - 2 scrolls of enchant weapon {unknown}
 u - a scroll of fog {unknown}
 v - a scroll of poison {unknown}
 w - a scroll of immolation {unknown}
Potions
 d - 4 potions of degeneration {unknown}
 f - a potion of ambrosia {unknown}
 h - a potion of enlightenment {unknown}
 l - 2 potions of curing {unknown}
 n - 2 potions of heal wounds {unknown}
 r - 2 potions of attraction {unknown}
 t - 3 potions of might


   Skills:
 - Level 3.0 Fighting
 * Level 7.3 Axes
 - Level 3.0 Dodging
 - Level 3.0 Shields
 * Level 1.4 Spellcasting
 * Level 1.6 Translocations


You had 5 spell levels left.
You knew the following spells:

 Your Spells              Type           Power      Damage    Failure   Level
a - Gell's Gravitas       Tloc           6%         N/A       38%         3

Your spell library contained the following spells:

 Spells                   Type           Power      Damage    Failure   Level
 Lesser Beckoning         Tloc           12%        N/A       22%         2
 Teleport Other           Tloc           6%         N/A       38%         3


Dungeon Overview and Level Annotations

Branches:
Dungeon (7/15)
 Temple: D:4-7

Altars:
Ashenzari
Trog
Zin

Shops:
D:4 *

Annotations:
D:3 2 transporters, exclusion: 2 downstairs


Innate Abilities, Weirdness & Mutations

You cannot wear most types of armour.
You are amphibious.
You can wear up to eight rings at the same time.
Your skin changes colour to match your surroundings (Stealth+).
Your rubbery body absorbs attacks. (AC +1, EV +1)
((You are camouflaged when in or above water. (Stealth+)))
You have tentacles for arms and can constrict up to eight enemies at once.


Message History

You constrict the bullfrog. You block the bullfrog's attack.
The bullfrog hits you.
You hit the bullfrog. You squeeze the bullfrog.
The bullfrog is severely wounded.
You constrict the bullfrog.
The bullfrog releases a deep croak.
The bullfrog hits you. The bullfrog misses you.
You hit the bullfrog.
You kill the bullfrog!
You start resting.
HP restored.
An ice beast comes into view.
The ice beast moves out of view.
p - 2 scrolls labelled DEENWEUNYSS (gained 1)
An ice beast is nearby!
The ice beast closely misses you.
You hit the ice beast.
The ice beast is lightly wounded.
You block the ice beast's attack.
You barely miss the ice beast. Your squeeze misses the ice beast.
The ice beast is lightly wounded.
The ice beast completely misses you. The ice beast barely misses you.
You slash the ice beast! You squeeze the ice beast!
The ice beast is severely wounded.
The ice beast hits you. The ice beast freezes you!
You hit the ice beast but do no damage.
The ice beast is severely wounded.
The ice beast barely misses you.
You completely miss the ice beast.
The ice beast is severely wounded.
The ice beast hits you. The ice beast freezes you!
You hit the ice beast.
The ice beast is almost dead.
The ice beast hits you. The ice beast freezes you!
You barely miss the ice beast.
The ice beast is almost dead.
The ice beast hits you.
* * * LOW HITPOINT WARNING * * *
The ice beast freezes you!
You die...

...............##.#
#####..........##.#
# #..........####
### ###...........#
#8###8#.....#######
........#..## #.#
..........#######.#
..................#
#8###8##########@.#
#######
##..Y.#♣♣♣♣♣ #....#
#..........# #....#
.........#####
#....# ........###
#....# .........
#....# .......#.
##.### ....... .
...# +###..


You could see an ice beast.

Vanquished Creatures
  Menkaure (D:4)
  2 bullfrogs (D:7)
  3 scorpions (D:5)
  Jessica (D:3)
  An adder (D:3)
  A gnoll (D:1)
  An ufetubus (D:5)
  2 dart slugs
  7 orcs
  3 bats
  10 endoplasms
  A giant cockroach (D:4)
  5 goblins
  8 hobgoblins
  3 kobolds
  7 quokkas
  9 ball pythons
  2 frilled lizards
  4 rats
71 creatures vanquished.

Notes
Turn   | Place    | Note
-------+----------+-------------------------------------------
     0 | D:1      | Kurtz the Octopode Fighter began the quest for the Orb.
     0 | D:1      | Reached XP level 1. HP: 16/16 MP: 1/1
   162 | D:1      | Reached XP level 2. HP: 20/21 MP: 2/2
   186 | D:1      | Reached skill level 3 in Axes
   508 | D:1      | Reached XP level 3. HP: 26/26 MP: 3/3
  1182 | D:2      | Reached skill level 4 in Axes
  1442 | D:3      | Found a bloodstained altar of Trog.
  1491 | D:3      | Found a transporter.
  1500 | D:3      | Noticed a small abomination
  1562 | D:3      | Reached XP level 4. HP: 31/31 MP: 4/4
  1648 | D:3      | Found a glowing silver altar of Zin.
  1810 | D:3      | Learned a level 3 spell: Gell's Gravitas
  1813 | D:3      | Found a broken altar of Ashenzari.
  1861 | D:3      | Noticed Jessica
  1869 | D:3      | Killed Jessica
  1981 | D:3      | Found a transporter.
  2283 | D:4      | Noticed Menkaure
  2389 | D:4      | Killed Menkaure
  2390 | D:4      | Reached skill level 5 in Axes
  2390 | D:4      | Reached XP level 5. HP: 21/36 MP: 6/6
  2390 | D:4      | Reached XP level 6. HP: 25/42 MP: 7/7
  2506 | D:4      | Reached skill level 1 in Translocations
  2642 | D:4      | Found Xoven's Mayhem Merchandise.
  3033 | D:5      | Entered Level 5 of the Dungeon
  3041 | D:5      | Reached skill level 6 in Axes
  3041 | D:5      | Reached skill level 1 in Spellcasting
  3238 | D:5      | Reached XP level 7. HP: 45/46 MP: 8/8
  3419 | D:7      | Reached skill level 7 in Axes
  3663 | D:7      | Slain by an ice beast

Illustrated notes

Levels and vault maps discovered:
D:1:      minmay_arrival_floating_metal, layout_loops_cross,
          dreamdust_princess_corridor
D:2:      layout_basic, minmay_tetromino_s2
D:3:      layout_loops_ring, nicolae_ashenzari_panopticon,
          mainiacjoe_overflow_cross_hatched, bloody_trog,
          gammafunk_ghost_abyssal_escape, uniq_jessica
D:4:      layout_cave_pools, grunt_ministairs_6, minmay_shop_mayhem,
          uniq_menkaure
D:5:      layout_rooms, uniq_duvessa
D:6:      layout_loops_cross, kennysheep_mini_moat,
          minmay_temple_entry_junction_2, uniq_blork_the_orc
D:7:      layout_basic, nicolae_uskayaw_en_pointe, fedhas_altar_fruit_tree,
          serial_corexii_hall, corexii_hall_statues_t, corexii_hall_statues_u,
          nicolae_lava_and_water, amcnicky_mini_rare_corridor_liquid,
          kennysheep_generic_room_14

Skill      XL: |  1  2  3  4  5  6  7 |
---------------+----------------------+-----
Axes           | 3 4 5 6 7 |  7.3
Translocations | 1 |  1.6
Spellcasting   | 1 |  1.4
Fighting       | |  3.0
Dodging        | |  3.0
Shields        | |  3.0

Action                     |  1- 3 |  4- 6 |  7- 9 || total
---------------------------+-------+-------+-------++-------
  Melee: War axe           |    62 |    58 |    14 ||   134
         Constrict         |    17 |    13 |     3 ||    33
         Tentacles         |     7 |    11 |     3 ||    21
         Punch             |       |       |     1 ||     1
    Use: Potion            |       |     1 |       ||     1
         Scroll            |       |       |     2 ||     2
   Stab: Sleeping          |     7 |     5 |       ||    12
 Armour: Skin              |    23 |    20 |    15 ||    58
  Dodge: Dodged            |    24 |    28 |     7 ||    59
  Block: Buckler           |    11 |    15 |     2 ||    28

Table legend: (Time is in decaauts)
 A = Elapsed time spent in this place.
 B = Non-inter-level travel time spent in this place.
 C = Inter-level travel time spent in this place.
 D = Time resting spent in this place.
 E = Time spent auto-exploring this place.
 F = Levels seen in this place.
 G = Mean time per level.
                   A        B        C        D        E       F      G
               +--------+--------+--------+--------+--------+-----+--------+
         Total |   3703 |   3510 |    193 |    412 |   2299 |   7 |  529.0 |
       Dungeon |   3703 |   3510 |    193 |    412 |   2299 |   7 |  529.0 |
               +--------+--------+--------+--------+--------+-----+--------+

Top non-repeatable levels by time:
     D:3: 946 daAuts
     D:1: 945 daAuts
     D:4: 670 daAuts
     D:2: 504 daAuts
     D:7: 250 daAuts
     D:5: 248 daAuts
     D:6: 135 daAuts
